 Dungeon Crawl Stone Soup version 0.28-a0-477-g0b43c73ce0 (webtiles) character file.

Game seed: 7542784088274915327

433 Dabor the Skirmisher (level 6, -10/62 HPs)
             Began as a Troll Berserker on Sept 17, 2021.
             Was a Believer of Trog.
             Mangled by an orc warrior (15 damage)
             ... on level 4 of the Dungeon.
             The game lasted 00:02:35 (1798 turns).

Dabor the Skirmisher (Troll Berserker)              Turns: 1798, Time: 00:02:36

Health: -10/62     AC:  4    Str: 28    XL:     6   Next: 67%
Magic:  5/5        EV: 10    Int:  3    God:    Trog [**....]
Gold:   191        SH:  0    Dex:  9    Spells: 5/5 levels left

rFire   . . .      SeeInvis .   a - +0 hand axe
rCold   . . .      Faith    .   (no shield)
rNeg    . . .      Spirit   .   b - +0 animal skin
rPois   .          Reflect  .   (helmet restricted)
rElec   .          Harm     .   (no cloak)
rCorr   .          Rampage  .   (gloves unavailable)
Will    .....                   (boots unavailable)
Stlth   +.........              (no amulet)
HPRegen 1.20/turn               e - +4 ring of slaying
MPRegen 0.09/turn               (no ring)

@: on berserk cooldown, slowed, very slow
A: large, unfitting armour, claws 3, regeneration 1, shaggy fur 1, tough skin 1
a: Renounce Religion, Berserk, Trog's Hand


You were on level 4 of the Dungeon.
You worshipped Trog.
Trog was pleased with you.
You visited 1 branch of the dungeon, and saw 4 of its levels.

You collected 191 gold pieces.

Inventory:

Hand Weapons
 a - a +0 hand axe (weapon)
Missiles
 m - 8 curare-tipped darts (quivered)
Armour
 b - a +0 animal skin (worn)
Jewellery
 e - a +4 ring of slaying (left claw)
 s - an amulet of the acrobat
Scrolls
 d - a scroll of fear {unknown}
 g - a scroll of immolation {unknown}
 k - a scroll of teleportation {unknown}
 l - a scroll of blinking {unknown}
 n - a scroll of fog {unknown}
 o - a scroll of enchant armour {unknown}
 p - a scroll of magic mapping {unknown}
 q - a scroll of amnesia {unknown}
 r - a scroll of enchant weapon {unknown}
Potions
 c - a potion of flight {unknown}
 f - 2 potions of curing {unknown}
 h - a potion of degeneration {unknown}
 i - 2 potions of brilliance {unknown}
 j - a potion of resistance {unknown}


   Skills:
 * Level 4.1 Fighting
 * Level 4.1 Axes
 + Level 1.7 Throwing
 + Level 3.6 Dodging


You had 5 spell levels left.
You didn't know any spells.
Your spell library was empty.

Dungeon Overview and Level Annotations

Branches:
Dungeon (4/15)
 Temple: D:4-7

Altars:
Qazlal
Vehumet


Innate Abilities, Weirdness & Mutations

You are too large for most types of armour.
You have claws for hands.
Your natural rate of healing is unusually fast.
You are covered in fur. (AC +1)
You have tough skin. (AC +1)


Message History

Trog accepts your kill.
You barely miss the orc wizard. The orc warrior closely misses you.
You barely miss the orc wizard.
The orc wizard is moderately wounded.
The orc wizard barely misses you.
The orc warrior hits you from afar with a +0 halberd!
* * * LOW HITPOINT WARNING * * *
You are too berserk!
You slash the orc wizard!
You kill the orc wizard!
Trog accepts your kill.
Trog appreciates your killing of a magic user.
The orc warrior hits you from afar with a +0 halberd.
* * * LOW HITPOINT WARNING * * *
You slash the ball python!
You kill the ball python!
Trog accepts your kill. The orc warrior barely misses you.
Things that are here:
a ball python corpse; a hound corpse You closely miss the orc warrior.
Your skin stops crawling.
You feel less strong-willed. The orc warrior closely misses you.
You slash the orc warrior!
The orc warrior is moderately wounded.
The orc warrior misses you.
You hit the orc warrior.
The orc warrior is heavily wounded.
You are no longer berserk.
You are exhausted.
You feel yourself slow down. The orc warrior closely misses you.
You barely miss the orc warrior.
The orc warrior is heavily wounded.
The orc warrior completely misses you.
You hit the orc warrior but do no damage.
The orc warrior is heavily wounded.
The orc warrior hits you with a +0 halberd!
* * * LOW HITPOINT WARNING * * *
The orc warrior hits you with a +0 halberd!
You die...

##.....[ ...#..
.....###.
.....#...
##.........
...........
###...........
#.@o...........
###))............
#.$..............
#................
#................
###.............#
###..#........#
####........#
#....?.....


You could see an orc warrior.

Vanquished Creatures
  Grinder (D:3)
  A hound (D:4)
  Terence (D:3)
  2 orc wizards
  3 gnolls (D:2)
  5 adders
  2 dart slugs (D:2)
  3 orcs
  4 bats
  2 endoplasms
  3 giant cockroaches
  A goblin (D:2)
  3 hobgoblins
  A quokka (D:2)
  3 ball pythons
  3 frilled lizards
  3 kobolds (D:1)
  5 rats
46 creatures vanquished.

Notes
Turn   | Place    | Note
-------+----------+-------------------------------------------
     0 | D:1      | Dabor the Troll Berserker began the quest for the Orb.
     0 | D:1      | Reached XP level 1. HP: 22/22 MP: 0/0
   305 | D:1      | Reached XP level 2. HP: 26/29 MP: 1/1
   740 | D:2      | Reached XP level 3. HP: 36/36 MP: 2/2
   818 | D:2      | Reached XP level 4. HP: 45/45 MP: 3/3
   852 | D:2      | Reached ** piety under Trog
   980 | D:2      | Found a radiant altar of Vehumet.
  1536 | D:3      | Noticed Grinder
  1538 | D:3      | Reached XP level 5. HP: 51/53 MP: 4/4
  1550 | D:3      | Killed Grinder
  1551 | D:3      | Reached skill level 1 in Throwing
  1551 | D:3      | Reached XP level 6. HP: 62/62 MP: 5/5
  1599 | D:3      | Found a faded altar of an unknown god.
  1752 | D:3      | Noticed Terence
  1754 | D:3      | Found a stormy altar of Qazlal.
  1766 | D:3      | Killed Terence
  1769 | D:4      | Noticed an orc warrior
  1798 | D:4      | Mangled by an orc warrior

Illustrated notes

Levels and vault maps discovered:
D:1:      dpeg_arrival_rooms_c, layout_loops_ring
D:2:      layout_basic, basic_altar
D:3:      layout_rooms, nicolae_overflow_hidden_temple,
          ebering_ecumenical_altar_rust, hangedman_decor_peaks_small,
          uniq_terence, uniq_grinder
D:4:      layout_cave_pools, dk_yredelemnul_ordeal, columned_hall_lemuel

Skill      XL: |  1  2  3  4  5  6 |
---------------+-------------------+-----
Fighting       | 3 4 |  4.1
Axes           | 3 4 |  4.1
Dodging        | 3 |  3.6
Throwing       | 1 |  1.7

Action                   |  1- 3 |  4- 6 || total
-------------------------+-------+-------++-------
Melee: Hand axe          |    66 |    75 ||   141
Invok: Berserk           |     1 |     2 ||     3
       Trog's Hand       |       |     2 ||     2
 Stab: Sleeping          |     1 |     1 ||     2
Armor: Animal skin       |    21 |    28 ||    49
Dodge: Dodged            |    38 |    49 ||    87

Table legend: (Time is in decaauts)
 A = Elapsed time spent in this place.
 B = Non-inter-level travel time spent in this place.
 C = Inter-level travel time spent in this place.
 D = Time resting spent in this place.
 E = Time spent auto-exploring this place.
 F = Levels seen in this place.
 G = Mean time per level.
                   A        B        C        D        E       F      G
               +--------+--------+--------+--------+--------+-----+--------+
         Total |   1831 |   1784 |     47 |     31 |   1367 |   4 |  457.8 |
       Dungeon |   1831 |   1784 |     47 |     31 |   1367 |   4 |  457.8 |
               +--------+--------+--------+--------+--------+-----+--------+

Top non-repeatable levels by time:
     D:2: 918 daAuts
     D:1: 600 daAuts
     D:3: 285 daAuts
     D:4: 26 daAuts
